Workbook

Sheet Combined Balance Sheet
A1: ConocoPhillips — Consolidated Balance Sheet
A2: At December 31 | Millions of US dollars | 2019–2025
A4: Balance sheet item | B4: 2019 | C4: 2020 | D4: 2021 | E4: 2022 | F4: 2023 | G4: 2024 | H4: 2025
A5: ASSETS
A6: Cash and cash equivalents | B6: 5088 | C6: 2991 | D6: 5028 | E6: 6458 | F6: 5635 | G6: 5607 | H6: 6497
A7: Short-term investments | B7: 3028 | C7: 3609 | D7: 446 | E7: 2785 | F7: 971 | G7: 507 | H7: 484
A8: Accounts and notes receivable | B8: 3267 | C8: 2634 | D8: 6543 | E8: 7075 | F8: 5461 | G8: 6621 | H8: 5813
A9: Accounts and notes receivable—related parties | B9: 134 | C9: 120 | D9: 127 | E9: 13 | F9: 13 | G9: 74
A10: Investment in Cenovus Energy | B10: 2111 | C10: 1256 | D10: 1117
A11: Inventories | B11: 1026 | C11: 1002 | D11: 1208 | E11: 1219 | F11: 1398 | G11: 1809 | H11: 1873
A12: Prepaid expenses and other current assets | B12: 2259 | C12: 454 | D12: 1581 | E12: 1199 | F12: 852 | G12: 1029 | H12: 865
A13: Total current assets | B13: 16913 | C13: 12066 | D13: 16050 | E13: 18749 | F13: 14330 | G13: 15647 | H13: 15532
A14: Investments and long-term receivables | B14: 8687 | C14: 8017 | D14: 7113 | E14: 8225 | F14: 9130 | G14: 9869 | H14: 10185
A15: Loans and advances—related parties | B15: 219 | C15: 114
A16: Net properties, plants and equipment | B16: 42269 | C16: 39893 | D16: 64911 | E16: 64866 | F16: 70044 | G16: 94356 | H16: 93239
A17: Other assets | B17: 2426 | C17: 2528 | D17: 2587 | E17: 1989 | F17: 2420 | G17: 2908 | H17: 2983
A18: TOTAL ASSETS | B18: 70514 | C18: 62618 | D18: 90661 | E18: 93829 | F18: 95924 | G18: 122780 | H18: 121939
A19: LIABILITIES
A20: Accounts payable | B20: 3176 | C20: 2669 | D20: 5002 | E20: 6113 | F20: 5083 | G20: 5987 | H20: 6218
A21: Accounts payable—related parties | B21: 24 | C21: 29 | D21: 23 | E21: 50 | F21: 34 | G21: 57
A22: Short-term debt | B22: 105 | C22: 619 | D22: 1200 | E22: 417 | F22: 1074 | G22: 1035 | H22: 1020
A23: Accrued income and other taxes | B23: 1030 | C23: 320 | D23: 2862 | E23: 3193 | F23: 1811 | G23: 2460 | H23: 1835
A24: Employee benefit obligations—current | B24: 663 | C24: 608 | D24: 755 | E24: 728 | F24: 774 | G24: 1087 | H24: 1136
A25: Other accruals | B25: 2045 | C25: 1121 | D25: 2179 | E25: 2346 | F25: 1229 | G25: 1498 | H25: 1763
A26: Total current liabilities | B26: 7043 | C26: 5366 | D26: 12021 | E26: 12847 | F26: 10005 | G26: 12124 | H26: 11972
A27: Long-term debt | B27: 14790 | C27: 14750 | D27: 18734 | E27: 16226 | F27: 17863 | G27: 23289 | H27: 22424
A28: Asset retirement obligations and accrued environmental costs | B28: 5352 | C28: 5430 | D28: 5754 | E28: 6401 | F28: 7220 | G28: 8089 | H28: 8214
A29: Deferred income taxes | B29: 4634 | C29: 3747 | D29: 6179 | E29: 7726 | F29: 8813 | G29: 11426 | H29: 12237
A30: Employee benefit obligations—non-current | B30: 1781 | C30: 1697 | D30: 1153 | E30: 1074 | F30: 1009 | G30: 1022 | H30: 969
A31: Other liabilities and deferred credits | B31: 1864 | C31: 1779 | D31: 1414 | E31: 1552 | F31: 1735 | G31: 2034 | H31: 1636
A32: TOTAL LIABILITIES | B32: 35464 | C32: 32769 | D32: 45255 | E32: 45826 | F32: 46645 | G32: 57984 | H32: 57452
A33: EQUITY
A34: Common stock—par value | B34: 18 | C34: 18 | D34: 21 | E34: 21 | F34: 21 | G34: 23 | H34: 23
A35: Capital in excess of par | B35: 46983 | C35: 47133 | D35: 60581 | E35: 61142 | F35: 61303 | G35: 77529 | H35: 77728
A36: Treasury stock (at cost) | B36: -46405 | C36: -47297 | D36: -50920 | E36: -60189 | F36: -65640 | G36: -71152 | H36: -76217
A37: Accumulated other comprehensive income (loss) | B37: -5357 | C37: -5218 | D37: -4950 | E37: -6000 | F37: -5673 | G37: -6473 | H37: -5911
A38: Retained earnings | B38: 39742 | C38: 35213 | D38: 40674 | E38: 53029 | F38: 59268 | G38: 64869 | H38: 68864
A39: Noncontrolling interests | B39: 69
A40: TOTAL EQUITY | B40: 35050 | C40: 29849 | D40: 45406 | E40: 48003 | F40: 49279 | G40: 64796 | H40: 64487
A41: TOTAL LIABILITIES AND EQUITY | B41: 70514 | C41: 62618 | D41: 90661 | E41: 93829 | F41: 95924 | G41: 122780 | H41: 121939

Sheet Summary
A1: Year | B1: Total Assets | C1: Total Liabilities | D1: Total Equity | E1: Liabilities + Equity
A2: 2019 | B2: ='Combined Balance Sheet'!B18 | C2: ='Combined Balance Sheet'!B32 | D2: ='Combined Balance Sheet'!B40 | E2: ='Combined Balance Sheet'!B41
A3: 2020 | B3: ='Combined Balance Sheet'!C18 | C3: ='Combined Balance Sheet'!C32 | D3: ='Combined Balance Sheet'!C40 | E3: ='Combined Balance Sheet'!C41
A4: 2021 | B4: ='Combined Balance Sheet'!D18 | C4: ='Combined Balance Sheet'!D32 | D4: ='Combined Balance Sheet'!D40 | E4: ='Combined Balance Sheet'!D41
A5: 2022 | B5: ='Combined Balance Sheet'!E18 | C5: ='Combined Balance Sheet'!E32 | D5: ='Combined Balance Sheet'!E40 | E5: ='Combined Balance Sheet'!E41
A6: 2023 | B6: ='Combined Balance Sheet'!F18 | C6: ='Combined Balance Sheet'!F32 | D6: ='Combined Balance Sheet'!F40 | E6: ='Combined Balance Sheet'!F41
A7: 2024 | B7: ='Combined Balance Sheet'!G18 | C7: ='Combined Balance Sheet'!G32 | D7: ='Combined Balance Sheet'!G40 | E7: ='Combined Balance Sheet'!G41
A8: 2025 | B8: ='Combined Balance Sheet'!H18 | C8: ='Combined Balance Sheet'!H32 | D8: ='Combined Balance Sheet'!H40 | E8: ='Combined Balance Sheet'!H41

Sheet Notes
A1: Notes on the combined report
A3: All amounts are in millions of US dollars, as shown in the supplied balance-sheet images.
A4: Blank cells indicate the line item was not separately presented in that year's supplied statement; they are not assumed to be zero.
A5: Some labels are standardized across years for comparison. The 2019–2020 statements separately show certain items (for example, Cenovus Energy investment and related-party receivables/payables).
A6: Figures are transcribed from the provided images. Please verify against the original annual reports before formal submission.
